 Dungeon Crawl Stone Soup version 0.28.0-45-g0d030f2227 (webtiles) character file.

Game seed: 819800213707778025

132 seaoflcl the Covered (level 5, -9/41 HPs)
             Began as a Human Fighter on Apr 23, 2022.
             Was an Initiate of the Shining One.
             Killed by nerve-wracking pain
             ... invoked by an orc priest
              (14 damage)
             ... on level 4 of the Dungeon.
             The game lasted 00:03:47 (3096 turns).

seaoflcl the Covered (Human Fighter)                Turns: 3096, Time: 00:03:48

Health: -9/41      AC: 11    Str: 18    XL:     5   Next: 38%
Magic:  5/5        EV:  6    Int: 12    God:    the Shining One [......]
Gold:   80         SH: 12    Dex: 13    Spells: 4/4 levels left

rFire   + . .      SeeInvis .   a - +0 long sword
rCold   . . .      Faith    .   o - +0 tower shield
rNeg    . . .      Spirit   .   b - +0 scale mail
rPois   .          Reflect  .   (no helmet)
rElec   .          Harm     .   (no cloak)
rCorr   .          Rampage  .   (no gloves)
Will    .....                   (no boots)
Stlth   ..........              (no amulet)
HPRegen 0.13/turn               j - +4 ring of protection
MPRegen 0.09/turn               k - ring of protection from fire

@: glowing
A: clever 2
a: Renounce Religion


You were on level 4 of the Dungeon.
You worshipped the Shining One.
The Shining One was noncommittal.
You visited 1 branch of the dungeon, and saw 4 of its levels.

You collected 80 gold pieces.

Inventory:

Hand Weapons
 a - a +0 long sword (weapon)
Missiles
 c - a throwing net (quivered)
Armour
 b - a +0 scale mail (worn)
 m - a +0 kite shield
 o - a +0 tower shield (worn)
Jewellery
 j - a +4 ring of protection (left hand)
 k - a ring of protection from fire (right hand)
 n - a ring of protection from cold
Scrolls
 i - a scroll of fog {unknown}
 l - a scroll of summoning {unknown}
 q - a scroll of magic mapping {unknown}
Potions
 d - a potion of might
 e - a potion of curing
 f - 2 potions of mutation
 g - 2 potions of flight
 h - a potion of degeneration {unknown}
 p - a potion of brilliance {unknown}
 r - a potion of lignification {unknown}


   Skills:
 + Level 3.3 Fighting
 + Level 3.4 Long Blades
 + Level 3.7 Armour
 + Level 1.2 Dodging
 + Level 0.4 Stealth
 + Level 3.5 Shields


You had 4 spell levels left.
You didn't know any spells.
Your spell library contained the following spells:

 Spells                   Type           Power      Damage    Failure   Level
 Magic Dart               Conj           0%         1d3       100%        1
 Pain                     Necr           0%         1d4       100%        1
 Call Imp                 Summ           0%         N/A       100%        2
 Mephitic Cloud           Conj/Pois/Air  0%         N/A       100%        3
 Agony                    Necr           0%         N/A       100%        5
 Excruciating Wounds      Necr           0%         N/A       100%        5


Dungeon Overview and Level Annotations

Branches:
Dungeon (4/15)
 Temple: D:4-7

Altars:
Elyvilon
Zin
The Shining One

Annotations:
D:4 Grinder


Innate Abilities, Weirdness & Mutations

Your mind is very acute. (Int +4)


Message History

You slash the dart slug!
You kill the dart slug!
You see here a dart slug corpse.
Found a smoky puce potion.
You now have 80 gold pieces (gained 16).
Found a flail.
r - a smoky puce potion An orc priest comes into view.
It is wielding a +0 falchion.
Found a stone staircase leading down.
You see here a +0 flail.
An orc comes into view.
It is wielding a +1 falchion of electrocution.
The orc shouts!
You hear a shout!
An orc comes into view. It is wielding a +3 whip.
An orc comes into view. It is wielding a +0 dagger.
The orc shouts! x2
You hit the orc priest.
The orc priest is lightly wounded.
You block the orc priest's attack.
An orc comes into view. It is wielding a +0 club.
The orc priest hits you with a +0 falchion.
You barely miss the orc priest.
The orc priest is lightly wounded.
You hit the orc but do no damage.
The orc priest begins to cast a cantrip, but forgets the words!
You block the orc's attack.
You hit the orc.
The orc is lightly wounded.
The orc priest hits you but does no damage.
The orc hits you but does no damage.
You are electrocuted!
You block the orc priest's attack. The orc hits you but does no damage.
You hit the orc.
The orc is heavily wounded.
The orc priest hits you with a +0 falchion.
You block the orc's attack. You block the orc priest's attack.
The orc hits you with a +1 falchion of electrocution!
You are electrocuted!
* * * LOW HITPOINT WARNING * * *
The orc priest mumbles some strange prayers to Beogh against you.
Pain shoots through your body!
You die...

##.###..##...# #######
. ####...##..#...#
#.............##
....####.####...# ###
#..##..... ##..#.###.
##...## ###).### ####
########...@.o#
#...##......>.####oooo#
..........#### ###...#
...........# #.#
......<....# .
...........#
......†...# #..$##...##
.. #.########


You could see an orc priest and 4 orcs.

Vanquished Creatures
  A scorpion (D:4)
  An adder (D:4)
  A worm (D:2)
  3 dart slugs
  An orc (D:2)
  5 bats
  5 endoplasms
  4 giant cockroaches
  6 goblins
  6 hobgoblins
  2 quokkas (D:2)
  6 ball pythons
  6 frilled lizards
  3 kobolds (D:1)
  4 rats
54 creatures vanquished.

Notes
Turn   | Place    | Note
-------+----------+-------------------------------------------
     0 | D:1      | seaoflcl the Human Fighter began the quest for the Orb.
     0 | D:1      | Reached XP level 1. HP: 18/18 MP: 1/1
   335 | D:1      | Reached XP level 2. HP: 21/24 MP: 2/2
   907 | D:1      | Reached XP level 3. HP: 29/29 MP: 3/3
  1669 | D:2      | Found a faded altar of an unknown god.
  1735 | D:2      | Found a glowing golden altar of the Shining One.
  1741 | D:2      | Became a worshipper of the Shining One
  2015 | D:3      | Reached XP level 4. HP: 35/35 MP: 4/4
  2347 | D:3      | Found a glowing silver altar of Zin.
  2347 | D:3      | Found a white marble altar of Elyvilon.
  2347 | D:3      | Found a glowing golden altar of the Shining One.
  2379 | D:4      | Noticed a scorpion
  2386 | D:4      | Killed a scorpion
  2387 | D:4      | Reached XP level 5. HP: 36/41 MP: 5/5
  2434 | D:4      | Noticed Grinder
  2452 | D:4      | Reached skill level 1 in Dodging
  2461 | D:4      | Gained mutation: Your mind is acute. (Int +2) [potion of
                  | mutation]
  2461 | D:4      | Lost mutation: Your mind is acute. (Int +2) [potion of
                  | mutation]
  2461 | D:4      | Gained mutation: Your mind is acute. (Int +2) [potion of
                  | mutation]
  2461 | D:4      | Gained mutation: Your mind is very acute. (Int +4) [potion
                  | of mutation]
  2475 | D:4      | Paralysed by Grinder for 6 turns
  2780 | D:4      | Paralysed by Grinder for 5 turns
  3096 | D:4      | Killed from afar by an orc priest

Illustrated notes

Levels and vault maps discovered:
D:1:      nzn_arrival_settlement, layout_basic, minmay_misc_feat_iff
D:2:      layout_basic, chequers_ecumenical_altar_twisty, basic_altar
D:3:      layout_basic, good_gods_mini_temple, minmay_tree_intersection
D:4:      layout_rooms, serial_shops, shop, sigmund_edmund_badplayer,
          uniq_grinder

Skill      XL: |  1  2  3  4  5 |
---------------+----------------+-----
Long Blades    | 3 |  3.4
Dodging        | 1 |  1.2
Fighting       | |  3.3
Armour         | |  3.7
Stealth        | |  0.4
Shields        | |  3.5

Action                   |  1- 3 |  4- 6 || total
-------------------------+-------+-------++-------
Melee: Long sword        |   108 |    62 ||   170
  Use: Potion            |       |     4 ||     4
Armor: Scale mail        |    48 |    31 ||    79
       Skin              |       |     4 ||     4
Dodge: Dodged            |    38 |    12 ||    50
Block: Buckler           |    23 |       ||    23
       Kite shield       |     1 |       ||     1
       Tower shield      |       |    32 ||    32
